Icehogs vs Manchots
Created - 29 avril 2013 at 19:13
Goals
|
| Icehogs |
2 |
1 |
1 |
4 |
| Manchots |
2 |
3 |
2 |
7 |
|
Shots
|
| Icehogs |
17 |
10 |
7 |
34 |
| Manchots |
13 |
18 |
13 |
44 |
|
1st period
1. Icehogs , Josh Hennessy 12 (Stanislav Chistov, Logan Stephenson) at 2:45
2. Icehogs , Andrew Murray 9 (Niklas Hagman, Shane Sims) at 4:23
3. Manchots , Bryan Allen 4 (Petr Sykora, Logan Couture) at 5:28 (PP)
4. Manchots , Alexander Radulov 35 (Martin Hanzal) at 11:28
Penalties :
B.J. Crombeen (Roc) for Tripping (Minor) at 4:39, Jamie Benn (Out) for Cross-checking (Minor) at 5:38, Jamie Benn (Out) for Hooking (Minor) at 11:41
2nd period
5. Icehogs , Nikolai Kulemin 35 (Gilbert Brule, B.J. Crombeen) at 1:21
6. Manchots , Petr Sykora 42 (Alexander Radulov, Martin Hanzal) at 3:50
7. Manchots , Martin Hanzal 54 (Alexander Radulov, Hal Gill) at 13:04 (PP)
8. Manchots , Logan Couture 19 (Petr Sykora) at 15:51
Penalties :
Tyler Kennedy (Out) for Interference (Minor) at 2:56, B.J. Crombeen (Roc) for Hooking (Minor) at 2:56, B.J. Crombeen (Roc) for Holding (Minor) at 12:50, Hal Gill (Out) for Holding Stick (Minor) at 16:00
3rd period
9. Icehogs , Stanislav Chistov 33 (Josh Hennessy, B.J. Crombeen) at 4:59
10. Manchots , Martin Hanzal 55 (Alexander Radulov, Bryan Allen) at 12:12 (PP)
11. Manchots , Jamie Benn 16 (Petr Sykora, Logan Couture) at 13:20
Penalties :
Karl Alzner (Roc) for Hooking (Minor) at 5:29, Josh Hennessy (Roc) for Elbowing (Minor) at 11:45, Bobby Butler (Out) for Hooking (Minor) at 13:50, Matt Corrente (Out) for Holding (Minor) at 18:04, Milan Jurcina (Roc) for Interference (Minor) at 18:04
Goalie Stats
José Theodore (Roc), 37 saves from 44 shots - (0,841), L, 31-22-4, 60:00 minutes
Ondrej Pavelec (Out), 30 saves from 34 shots - (0,882), W, 29-12-5, 60:00 minutes
Players Stats for Icehogs
Player Name G A P +/- PIM S H SB GA TA FO MP PP MP PK MP
------------------------------------------------------------------------------------
Andrew Murray 1 0 1 1 0 2 0 0 0 0 2/2 1:16 0:00 0:05
B.J. Crombeen 0 2 2 0 6 4 2 1 4 3 2/5 24:08 4:06 1:45
Brett Sterling 0 0 0 2 0 1 1 0 0 0 0/0 6:10 0:19 0:00
Darren Helm 0 0 0 0 0 1 1 0 0 0 6/11 12:59 0:00 1:18
Gilbert Brule 0 1 1 0 0 1 2 0 1 1 15/34 21:05 4:06 0:00
Josh Hennessy 1 1 2 2 2 1 0 0 0 0 1/2 5:39 0:00 0:00
Karl Alzner 0 0 0 2 2 1 2 0 0 0 0/0 10:04 0:00 0:00
Logan Stephenson 0 1 1 0 0 0 1 1 0 2 0/0 19:55 2:37 0:53
Milan Jurcina 0 0 0 0 2 0 0 2 0 1 0/0 19:06 2:37 0:53
Niklas Hagman 0 1 1 -1 0 6 0 0 3 0 0/0 21:02 4:06 2:40
Nikolai Kulemin 1 0 1 0 0 2 1 1 0 1 0/3 20:36 1:05 0:00
Paul Ranger 0 0 0 -2 0 3 1 2 0 0 0/0 31:12 5:19 2:36
Richard Park 0 0 0 -1 0 5 1 0 0 0 0/2 14:08 3:31 0:35
Ryan Parent 0 0 0 -2 0 2 2 3 4 2 0/0 31:12 5:19 2:36
Shane Sims 0 1 1 2 0 0 1 0 0 0 0/0 8:57 0:00 0:00
Stanislav Chistov 1 1 2 0 0 3 0 0 0 0 11/18 18:33 3:04 0:00
Travis Moen 0 0 0 0 0 2 0 0 1 0 0/0 9:36 0:00 0:00
Ville Nieminen 0 0 0 -2 0 0 1 0 0 1 0/1 16:53 3:31 0:35
Players Stats for Manchots
Player Name G A P +/- PIM S H SB GA TA FO MP PP MP PK MP
------------------------------------------------------------------------------------
Alexander Radulov 1 3 4 1 0 7 1 1 0 0 0/1 19:51 2:21 0:00
Bobby Butler 0 0 0 1 2 1 1 0 1 0 2/2 16:11 1:08 0:00
Bryan Allen 1 1 2 -3 0 6 1 2 2 4 0/0 30:08 2:43 5:02
Cal Clutterbuck 0 0 0 -2 0 0 0 0 0 1 0/1 10:37 0:00 0:00
Eric Tangradi 0 0 0 -1 0 2 0 0 0 0 0/0 6:29 0:00 0:26
Hal Gill 0 1 1 -3 2 4 2 2 1 0 0/0 28:55 2:43 4:06
Ilkka Heikkinen 0 0 0 1 0 0 1 0 0 0 0/0 8:31 0:00 0:00
Jamie Benn 1 0 1 1 4 1 3 0 0 0 0/0 17:10 2:21 1:02
Kris Russell 0 0 0 1 0 0 0 1 1 0 0/0 11:40 0:00 2:54
Logan Couture 1 2 3 2 0 5 4 0 0 2 9/24 16:05 1:08 1:25
Martin Hanzal 2 2 4 1 0 6 3 1 2 1 25/37 22:58 2:21 2:23
Matt Corrente 0 0 0 2 2 0 0 3 0 1 0/0 19:15 0:46 0:56
Petr Sykora 1 3 4 2 0 2 0 2 0 1 0/0 17:33 1:08 2:23
Richard Petiot 0 0 0 2 0 1 2 1 1 2 0/0 21:31 0:46 2:54
Roman Cervenka 0 0 0 -1 0 0 1 0 0 0 1/2 5:42 0:00 0:00
Spencer Machacek 0 0 0 -1 0 1 0 0 1 0 0/0 5:42 0:00 0:00
Tyler Kennedy 0 0 0 -2 2 3 2 3 1 1 4/11 14:55 0:00 4:08
Wade Belak 0 0 0 -2 0 5 0 0 1 0 0/0 14:51 0:00 4:05
3 Stars
1 - Martin Hanzal (Out)
2 - Petr Sykora (Out)
3 - Logan Couture (Out)
Power Play
Icehogs - 0 on 4 Attempt(s) - 0,00%
Manchots - 3 on 4 Attempt(s) - 75,00%
Penalty Kill
Icehogs - 1 on 4 Attempt(s) - 25,00%
- Score 0 goal in Penalty Kill
Manchots - 4 on 4 Attempt(s) - 100,00%
- Score 0 goal in Penalty Kill
Official
Referees : Ciamaga Chris and Peel Tim
Linesman : Brad Kovachik and Tim Nowak
Game Notes
Andrew Murray is injured at 5:08 of 1st period (Right Knee)
Icehogs
5 vs 5 Forward
Center Left Wing Right Wing Time % Phy DF OF
1 Gilbert Brule Nikolai Kulemin B.J. Crombeen 40 1 2 2
2 Andrew Murray Niklas Hagman Ville Nieminen 30 1 2 2
3 Darren Helm Travis Moen Richard Park 20 1 2 2
4 Josh Hennessy Brett Sterling Stanislav Chistov 10 1 2 2
5 vs 5 Defense
Defense Defense Time % Phy DF OF
1 Paul Ranger Ryan Parent 40 1 2 2
2 Milan Jurcina Logan Stephenson 30 1 2 2
3 Karl Alzner Shane Sims 20 1 2 2
4 Paul Ranger Ryan Parent 10 1 2 2
PowerPlay Forward
Center Left Wing Right Wing Time % Phy DF OF
1 Gilbert Brule Niklas Hagman B.J. Crombeen 60 1 2 2
2 Andrew Murray Ville Nieminen Richard Park 40 1 2 2
PowerPlay Defense
Defense Defense Time % Phy DF OF
1 Paul Ranger Ryan Parent 60 1 2 2
2 Milan Jurcina Logan Stephenson 40 1 2 2
Penalty Kill 4 Players Forward
Center Wing Time % Phy DF OF
1 B.J. Crombeen Niklas Hagman 60 1 2 2
2 Richard Park Ville Nieminen 40 1 2 2
Penalty Kill 4 Players Defense
Defense Defense Time % Phy DF OF
1 Paul Ranger Ryan Parent 60 1 2 2
2 Milan Jurcina Logan Stephenson 40 1 2 2
Penalty Kill - 3 Players Forward
Forward Time % Phy DF OF
1 B.J. Crombeen 60 1 2 2
2 Niklas Hagman 40 1 2 2
Penalty Kill - 3 Players Defense
Defense Defense Time % Phy DF OF
1 Paul Ranger Ryan Parent 60 1 2 2
2 Milan Jurcina Logan Stephenson 40 1 2 2
4 vs 4 Forward
Center Wing Time % Phy DF OF
1 B.J. Crombeen Niklas Hagman 60 1 2 2
2 Richard Park Ville Nieminen 40 1 2 2
4 vs 4 Defense
Defense Defense Time % Phy DF OF
1 Paul Ranger Ryan Parent 60 1 2 2
2 Milan Jurcina Logan Stephenson 40 1 2 2
Last Minutes Offensive
Center Left Wing Right Wing Defense Defense
Gilbert Brule Niklas Hagman B.J. Crombeen Paul Ranger Ryan Parent
Last Minutes Defensive
Center Left Wing Right Wing Defense Defense
Gilbert Brule Niklas Hagman B.J. Crombeen Paul Ranger Ryan Parent
Goaltenders
Starting : José Theodore
Backup : Jeff Deslauriers
Extra Forwards
Normal : Stanislav Chistov, Nikolai Kulemin, Darren Helm - PP : Stanislav Chistov, Nikolai Kulemin - PK : Darren Helm
Extra Defensemen
Normal : Karl Alzner, Shane Sims, Milan Jurcina - PP : Karl Alzner - PK : Shane Sims, Milan Jurcina
Penalty Shots
B.J. Crombeen, Niklas Hagman, Richard Park, Ville Nieminen, Gilbert Brule
Manchots
5 vs 5 Forward
Center Left Wing Right Wing Time % Phy DF OF
1 Martin Hanzal Bobby Butler Alexander Radulov 38 0 1 4
2 Logan Couture Jamie Benn Petr Sykora 37 0 1 4
3 Tyler Kennedy Cal Clutterbuck Wade Belak 20 0 1 4
4 Roman Cervenka Eric Tangradi Spencer Machacek 5 1 1 3
5 vs 5 Defense
Defense Defense Time % Phy DF OF
1 Bryan Allen Hal Gill 40 1 1 3
2 Matt Corrente Richard Petiot 30 1 2 2
3 Kris Russell Ilkka Heikkinen 17 1 2 2
4 Bryan Allen Hal Gill 13 1 1 3
PowerPlay Forward
Center Left Wing Right Wing Time % Phy DF OF
1 Martin Hanzal Jamie Benn Alexander Radulov 60 0 1 4
2 Logan Couture Bobby Butler Petr Sykora 40 0 1 4
PowerPlay Defense
Defense Defense Time % Phy DF OF
1 Bryan Allen Hal Gill 60 0 1 4
2 Richard Petiot Matt Corrente 40 1 1 3
Penalty Kill 4 Players Forward
Center Wing Time % Phy DF OF
1 Tyler Kennedy Wade Belak 60 0 4 1
2 Martin Hanzal Petr Sykora 40 0 4 1
Penalty Kill 4 Players Defense
Defense Defense Time % Phy DF OF
1 Hal Gill Bryan Allen 60 1 3 1
2 Kris Russell Richard Petiot 40 1 3 1
Penalty Kill - 3 Players Forward
Forward Time % Phy DF OF
1 Wade Belak 60 1 3 1
2 Tyler Kennedy 40 1 4 0
Penalty Kill - 3 Players Defense
Defense Defense Time % Phy DF OF
1 Kris Russell Hal Gill 60 1 3 1
2 Richard Petiot Bryan Allen 40 1 4 0
4 vs 4 Forward
Center Wing Time % Phy DF OF
1 Martin Hanzal Alexander Radulov 60 0 1 4
2 Logan Couture Petr Sykora 40 1 1 3
4 vs 4 Defense
Defense Defense Time % Phy DF OF
1 Hal Gill Bryan Allen 60 1 1 3
2 Matt Corrente Richard Petiot 40 1 1 3
Last Minutes Offensive
Center Left Wing Right Wing Defense Defense
Martin Hanzal Jamie Benn Petr Sykora Bryan Allen Matt Corrente
Last Minutes Defensive
Center Left Wing Right Wing Defense Defense
Martin Hanzal Bobby Butler Wade Belak Bryan Allen Hal Gill
Goaltenders
Starting : Ondrej Pavelec
Backup : Sebastien Caron
Extra Forwards
Normal : Martin Hanzal, Alexander Radulov, Jamie Benn - PP : Petr Sykora, Alexander Radulov - PK : Wade Belak
Extra Defensemen
Normal : Matt Corrente, Bryan Allen, Kris Russell - PP : Matt Corrente - PK : Hal Gill, Matt Corrente
Penalty Shots
Alexander Radulov, Martin Hanzal, Wade Belak, Petr Sykora, Bobby Butler
% Time on Ice - Icehogs
Lines # - Real PCT - Wanted PCT - Time Play
Normal Forward
1 - 38% - 40% - 17:09
2 - 27% - 30% - 12:16
3 - 21% - 20% - 9:36
4 - 13% - 10% - 5:40
Normal Defense
1 - 42% - 40% - 18:38
2 - 33% - 30% - 14:35
3 - 20% - 20% - 8:53
4 - 6% - 10% - 2:35
PP Forward
1 - 52% - 60% - 4:06
2 - 48% - 40% - 3:50
PP Defense
1 - 67% - 60% - 5:19
2 - 33% - 40% - 2:37
PK Forward
1 - 83% - 60% - 2:54
2 - 17% - 40% - 0:35
PK Defense
1 - 75% - 60% - 2:36
2 - 25% - 40% - 0:53
PK3 Forward
1 - 0% - 60%
2 - 0% - 40%
PK3 Defense
1 - 0% - 60%
2 - 0% - 40%
44 Forward
1 - 82% - 60% - 3:12
2 - 18% - 40% - 0:42
44 Defense
1 - 53% - 60% - 2:04
2 - 47% - 40% - 1:50
Last Minute Offensive - 0:00
Last Minute Defensive - 0:00
Total
Forward - 60:00
Defense - 60:00
|
% Time on Ice - Manchots
Lines # - Real PCT - Wanted PCT - Time Play
Normal Forward
1 - 34% - 38% - 15:00
2 - 30% - 37% - 13:22
3 - 24% - 20% - 10:37
4 - 13% - 5% - 5:42
Normal Defense
1 - 38% - 40% - 17:08
2 - 37% - 30% - 16:27
3 - 18% - 17% - 8:06
4 - 7% - 13% - 3:00
PP Forward
1 - 67% - 60% - 2:21
2 - 33% - 40% - 1:08
PP Defense
1 - 78% - 60% - 2:43
2 - 22% - 40% - 0:46
PK Forward
1 - 70% - 60% - 5:33
2 - 30% - 40% - 2:23
PK Defense
1 - 63% - 60% - 5:02
2 - 37% - 40% - 2:54
PK3 Forward
1 - 0% - 60%
2 - 0% - 40%
PK3 Defense
1 - 0% - 60%
2 - 0% - 40%
44 Forward
1 - 83% - 60% - 3:14
2 - 17% - 40% - 0:40
44 Defense
1 - 64% - 60% - 2:30
2 - 36% - 40% - 1:24
Last Minute Offensive - 0:00
Last Minute Defensive - 0:00
Total
Forward - 60:00
Defense - 60:00
|
Play by Play
1st period
0:01 of 1st period - Martin Hanzal wins face-off versus Gilbert Brule in neutral zone.
0:11 of 1st period - Off-side.
0:12 of 1st period - Andrew Murray wins face-off versus Logan Couture in neutral zone.
0:23 of 1st period - Snap shot by Niklas Hagman.
0:23 of 1st period - Shot Misses the Net.
0:25 of 1st period - Slapshot by Niklas Hagman.
0:25 of 1st period - Stopped by Ondrej Pavelec without a rebound.
0:26 of 1st period - Darren Helm wins face-off versus Cal Clutterbuck in Manchots zone.
0:31 of 1st period - Wrist shot by Travis Moen.
0:31 of 1st period - Stopped by Ondrej Pavelec with a rebound.
0:33 of 1st period - Slapshot by Karl Alzner.
0:33 of 1st period - Shot Blocked by Tyler Kennedy.
0:35 of 1st period - Slapshot by Shane Sims.
0:35 of 1st period - Shot Misses the Net.
0:37 of 1st period - Wrist shot by Richard Park.
0:37 of 1st period - Shot Misses the Net.
0:56 of 1st period - Karl Alzner is hit by Bobby Butler.
1:44 of 1st period - Wrist shot by Eric Tangradi.
1:44 of 1st period - Shot Misses the Net.
1:54 of 1st period - Wrist shot by Travis Moen.
1:54 of 1st period - Stopped by Ondrej Pavelec with a rebound.
1:56 of 1st period - Slapshot by Ryan Parent.
1:56 of 1st period - Stopped by Ondrej Pavelec with a rebound.
1:58 of 1st period - Wrist shot by Richard Park.
1:58 of 1st period - Stopped by Ondrej Pavelec with a rebound.
2:00 of 1st period - Snap shot by Paul Ranger.
2:00 of 1st period - Shot Blocked by Matt Corrente.
2:02 of 1st period - Slapshot by Paul Ranger.
2:02 of 1st period - Shot Blocked by Tyler Kennedy.
2:04 of 1st period - Slapshot by Richard Park.
2:04 of 1st period - Shot Blocked by Matt Corrente.
2:06 of 1st period - Slapshot by Ryan Parent.
2:06 of 1st period - Shot Blocked by Matt Corrente.
2:36 of 1st period - Wade Belak is hit by Brett Sterling and loses puck.
2:45 of 1st period - Wrist shot by Josh Hennessy.
2:45 of 1st period - Goal by Josh Hennessy - Icehogs : 1 - Manchots : 0.
2:46 of 1st period - Andrew Murray wins face-off versus Logan Couture in neutral zone.
2:55 of 1st period - Wrist shot by Andrew Murray.
2:55 of 1st period - Shot Blocked by Bryan Allen.
3:18 of 1st period - Slapshot by B.J. Crombeen.
3:18 of 1st period - Shot Misses the Net.
3:20 of 1st period - Slapshot by B.J. Crombeen.
3:20 of 1st period - Shot Blocked by Kris Russell.
3:22 of 1st period - Snap shot by Milan Jurcina.
3:22 of 1st period - Shot Blocked by Martin Hanzal.
4:12 of 1st period - Cal Clutterbuck is hit by Karl Alzner and loses puck.
4:21 of 1st period - Snap shot by Niklas Hagman.
4:21 of 1st period - Deflect By Andrew Murray.
4:21 of 1st period - Stopped by Ondrej Pavelec with a rebound.
4:23 of 1st period - Snap shot by Andrew Murray.
4:23 of 1st period - Goal by Andrew Murray - Icehogs : 2 - Manchots : 0.
4:24 of 1st period - Martin Hanzal wins face-off versus Gilbert Brule in neutral zone.
4:27 of 1st period - Ryan Parent is hit by Bryan Allen and loses puck.
4:34 of 1st period - Wrist shot by Martin Hanzal.
4:34 of 1st period - Shot Misses the Net.
4:36 of 1st period - Wrist shot by Bobby Butler.
4:36 of 1st period - Stopped by José Theodore with a rebound.
4:38 of 1st period - Slapshot by Hal Gill.
4:38 of 1st period - Deflect By Paul Ranger.
4:38 of 1st period - Stopped by José Theodore with a rebound.
4:39 of 1st period - Minor Penalty to B.J. Crombeen for Tripping.
4:40 of 1st period - Martin Hanzal wins face-off versus Darren Helm in Icehogs zone.
4:49 of 1st period - Snap shot by Alexander Radulov.
4:49 of 1st period - Shot Misses the Net.
5:07 of 1st period - Andrew Murray is hit by Logan Couture and loses puck.
5:08 of 1st period - Andrew Murray from Icehogs is injured at 5:08 of 1st period (Right Knee).
5:09 of 1st period - Darren Helm wins face-off versus Martin Hanzal in Icehogs zone.
5:18 of 1st period - Snap shot by Alexander Radulov.
5:18 of 1st period - Shot Blocked by Paul Ranger.
5:20 of 1st period - Wrist shot by Alexander Radulov.
5:20 of 1st period - Shot Misses the Net.
5:22 of 1st period - Slapshot by Bryan Allen.
5:22 of 1st period - Deflect By Ryan Parent.
5:22 of 1st period - Stopped by José Theodore with a rebound.
5:24 of 1st period - Slapshot by Hal Gill.
5:24 of 1st period - Deflect By Alexander Radulov.
5:24 of 1st period - Shot Blocked by Ryan Parent.
5:24 of 1st period - Puck is out of play.
5:25 of 1st period - Logan Couture wins face-off versus Darren Helm in Icehogs zone.
5:28 of 1st period - Slapshot by Bryan Allen.
5:28 of 1st period - Goal by Bryan Allen - Icehogs : 2 - Manchots : 1.
5:29 of 1st period - Gilbert Brule wins face-off versus Logan Couture in neutral zone.
5:38 of 1st period - Slapshot by B.J. Crombeen.
5:38 of 1st period - Stopped by Ondrej Pavelec without a rebound.
5:38 of 1st period - Minor Penalty to Jamie Benn for Cross-checking.
5:39 of 1st period - Tyler Kennedy wins face-off versus Gilbert Brule in Manchots zone.
6:15 of 1st period - Wrist shot by Niklas Hagman.
6:15 of 1st period - Deflect By Gilbert Brule.
6:15 of 1st period - Stopped by Ondrej Pavelec with a rebound.
6:17 of 1st period - Slapshot by Ryan Parent.
6:17 of 1st period - Shot Misses the Net.
6:19 of 1st period - Wrist shot by Niklas Hagman.
6:19 of 1st period - Shot Misses the Net.
6:21 of 1st period - Snap shot by Niklas Hagman.
6:21 of 1st period - Stopped by Ondrej Pavelec with a rebound.
6:23 of 1st period - Wrist shot by B.J. Crombeen.
6:23 of 1st period - Shot Misses the Net.
6:25 of 1st period - Slapshot by Ryan Parent.
6:25 of 1st period - Shot Blocked by Petr Sykora.
6:27 of 1st period - Slapshot by Paul Ranger.
6:27 of 1st period - Stopped by Ondrej Pavelec without a rebound.
6:28 of 1st period - Stanislav Chistov wins face-off versus Tyler Kennedy in Manchots zone.
6:53 of 1st period - Logan Stephenson is hit by Richard Petiot and loses puck.
6:59 of 1st period - Off-side.
7:00 of 1st period - B.J. Crombeen wins face-off versus Tyler Kennedy in neutral zone.
7:03 of 1st period - Snap shot by Niklas Hagman.
7:03 of 1st period - Stopped by Ondrej Pavelec without a rebound.
7:04 of 1st period - Gilbert Brule wins face-off versus Tyler Kennedy in Manchots zone.
7:38 of 1st period - Penalty to Jamie Benn is over, Jamie Benn is back on ice.
8:12 of 1st period - Slapshot by Bryan Allen.
8:12 of 1st period - Shot Blocked by Milan Jurcina.
8:14 of 1st period - Slapshot by Hal Gill.
8:14 of 1st period - Deflect By Richard Park.
8:14 of 1st period - Stopped by José Theodore with a rebound.
8:28 of 1st period - Snap shot by Niklas Hagman.
8:28 of 1st period - Shot Misses the Net.
8:54 of 1st period - Shane Sims is hit by Jamie Benn and loses puck.
9:11 of 1st period - Roman Cervenka is hit by Nikolai Kulemin and loses puck.
9:22 of 1st period - Ryan Parent is hit by Roman Cervenka and loses puck.
9:55 of 1st period - Karl Alzner is hit by Ilkka Heikkinen and loses puck.
10:26 of 1st period - Logan Stephenson is hit by Alexander Radulov.
10:42 of 1st period - Slapshot by Bryan Allen.
10:42 of 1st period - Stopped by José Theodore with a rebound.
10:44 of 1st period - Slapshot by Hal Gill.
10:44 of 1st period - Deflect By Eric Tangradi.
10:44 of 1st period - Shot Blocked by B.J. Crombeen.
10:44 of 1st period - Puck is out of play.
10:45 of 1st period - Gilbert Brule wins face-off versus Roman Cervenka in Icehogs zone.
10:50 of 1st period - Slapshot by Spencer Machacek.
10:50 of 1st period - Stopped by José Theodore without a rebound.
10:51 of 1st period - Stanislav Chistov wins face-off versus Martin Hanzal in Icehogs zone.
11:02 of 1st period - Wrist shot by Ville Nieminen.
11:02 of 1st period - Deflect By Niklas Hagman.
11:02 of 1st period - Stopped by Ondrej Pavelec without a rebound.
11:03 of 1st period - Martin Hanzal wins face-off versus Gilbert Brule in Manchots zone.
11:03 of 1st period - Martin Hanzal is hit by B.J. Crombeen.
11:15 of 1st period - Wrist shot by Gilbert Brule.
11:15 of 1st period - Shot Misses the Net.
11:22 of 1st period - Icing by Alexander Radulov.
11:23 of 1st period - Martin Hanzal wins face-off versus Stanislav Chistov in Manchots zone.
11:28 of 1st period - Wrist shot by Alexander Radulov.
11:28 of 1st period - Goal by Alexander Radulov - Icehogs : 2 - Manchots : 2.
11:29 of 1st period - Logan Couture wins face-off versus Gilbert Brule in neutral zone.
11:41 of 1st period - Minor Penalty to Jamie Benn for Hooking.
11:42 of 1st period - Gilbert Brule wins face-off versus Tyler Kennedy in Manchots zone.
12:21 of 1st period - Petr Sykora is hit by Logan Stephenson and loses puck.
13:41 of 1st period - Penalty to Jamie Benn is over, Jamie Benn is back on ice.
14:09 of 1st period - Backhand shot by Eric Tangradi.
14:09 of 1st period - Stopped by José Theodore without a rebound.
14:10 of 1st period - Roman Cervenka wins face-off versus Darren Helm in Icehogs zone.
14:13 of 1st period - Slapshot by Eric Tangradi.
14:13 of 1st period - Stopped by José Theodore with a rebound.
14:15 of 1st period - Slapshot by Richard Petiot.
14:15 of 1st period - Shot Blocked by Milan Jurcina.
14:56 of 1st period - Slapshot by Logan Couture.
14:56 of 1st period - Stopped by José Theodore with a rebound.
15:08 of 1st period - Backhand shot by Richard Park.
15:08 of 1st period - Stopped by Ondrej Pavelec with a rebound.
15:10 of 1st period - Snap shot by Richard Park.
15:10 of 1st period - Stopped by Ondrej Pavelec with a rebound.
15:12 of 1st period - Snap shot by Richard Park.
15:12 of 1st period - Shot Misses the Net.
15:14 of 1st period - Wrist shot by Karl Alzner.
15:14 of 1st period - Stopped by Ondrej Pavelec without a rebound.
15:15 of 1st period - Martin Hanzal wins face-off versus Gilbert Brule in Manchots zone.
15:31 of 1st period - Off-side.
15:32 of 1st period - Stanislav Chistov wins face-off versus Logan Couture in neutral zone.
16:08 of 1st period - Wrist shot by Martin Hanzal.
16:08 of 1st period - Stopped by José Theodore without a rebound.
16:09 of 1st period - Stanislav Chistov wins face-off versus Logan Couture in Icehogs zone.
16:39 of 1st period - Wrist shot by Alexander Radulov.
16:39 of 1st period - Deflect By Gilbert Brule.
16:39 of 1st period - Shot Misses the Net.
16:39 of 1st period - Puck is out of play.
16:40 of 1st period - Martin Hanzal wins face-off versus Gilbert Brule in Icehogs zone.
17:18 of 1st period - Wrist shot by Tyler Kennedy.
17:18 of 1st period - Stopped by José Theodore without a rebound.
17:19 of 1st period - Darren Helm wins face-off versus Martin Hanzal in Icehogs zone.
18:08 of 1st period - Wrist shot by Stanislav Chistov.
18:08 of 1st period - Shot Blocked by Tyler Kennedy.
18:42 of 1st period - B.J. Crombeen is hit by Martin Hanzal and loses puck.
18:51 of 1st period - Snap shot by Alexander Radulov.
18:51 of 1st period - Shot Blocked by Ryan Parent.
2nd period
0:01 of 2nd period - Gilbert Brule wins face-off versus Logan Couture in neutral zone.
0:53 of 2nd period - Wrist shot by Darren Helm.
0:53 of 2nd period - Stopped by Ondrej Pavelec without a rebound.
0:54 of 2nd period - Logan Couture wins face-off versus Darren Helm in Manchots zone.
1:05 of 2nd period - Slapshot by Darren Helm.
1:05 of 2nd period - Deflect By Richard Park.
1:05 of 2nd period - Shot Blocked by Petr Sykora.
1:05 of 2nd period - Puck is out of play.
1:06 of 2nd period - Gilbert Brule wins face-off versus Logan Couture in Manchots zone.
1:21 of 2nd period - Slapshot by Nikolai Kulemin.
1:21 of 2nd period - Goal by Nikolai Kulemin - Icehogs : 3 - Manchots : 2.
1:22 of 2nd period - Martin Hanzal wins face-off versus Nikolai Kulemin in neutral zone.
2:05 of 2nd period - Wrist shot by B.J. Crombeen.
2:05 of 2nd period - Shot Blocked by Richard Petiot.
2:07 of 2nd period - Slapshot by Paul Ranger.
2:07 of 2nd period - Stopped by Ondrej Pavelec with a rebound.
2:09 of 2nd period - Slapshot by Paul Ranger.
2:09 of 2nd period - Stopped by Ondrej Pavelec with a rebound.
2:11 of 2nd period - Snap shot by Ryan Parent.
2:11 of 2nd period - Stopped by Ondrej Pavelec with a rebound.
2:56 of 2nd period - Minor Penalty to Tyler Kennedy for Interference.
2:56 of 2nd period - Minor Penalty to B.J. Crombeen for Hooking.
2:57 of 2nd period - Stanislav Chistov wins face-off versus Martin Hanzal in Icehogs zone.
3:02 of 2nd period - Snap shot by Stanislav Chistov.
3:02 of 2nd period - Stopped by Ondrej Pavelec with a rebound.
3:04 of 2nd period - Wrist shot by Niklas Hagman.
3:04 of 2nd period - Deflect By Stanislav Chistov.
3:04 of 2nd period - Shot Misses the Net.
3:04 of 2nd period - Puck is out of play.
3:05 of 2nd period - Martin Hanzal wins face-off versus Stanislav Chistov in Manchots zone.
3:50 of 2nd period - Wrist shot by Petr Sykora.
3:50 of 2nd period - Goal by Petr Sykora - Icehogs : 3 - Manchots : 3.
3:51 of 2nd period - Stanislav Chistov wins face-off versus Martin Hanzal in neutral zone.
3:53 of 2nd period - Off-side.
3:54 of 2nd period - Stanislav Chistov wins face-off versus Martin Hanzal in neutral zone.
4:38 of 2nd period - Snap shot by Logan Couture.
4:38 of 2nd period - Stopped by José Theodore without a rebound.
4:39 of 2nd period - Martin Hanzal wins face-off versus Nikolai Kulemin in Icehogs zone.
4:40 of 2nd period - Wrist shot by Alexander Radulov.
4:40 of 2nd period - Shot Misses the Net.
4:56 of 2nd period - Penalty to Tyler Kennedy is over, Tyler Kennedy is back on ice.
4:56 of 2nd period - Penalty to B.J. Crombeen is over, B.J. Crombeen is back on ice.
5:03 of 2nd period - Paul Ranger is hit by Logan Couture and loses puck.
6:08 of 2nd period - Alexander Radulov is hit by Gilbert Brule and loses puck.
7:14 of 2nd period - Darren Helm is hit by Jamie Benn and loses puck.
8:01 of 2nd period - Wrist shot by Wade Belak.
8:01 of 2nd period - Stopped by José Theodore without a rebound.
8:02 of 2nd period - Gilbert Brule wins face-off versus Tyler Kennedy in Icehogs zone.
8:09 of 2nd period - Snap shot by Wade Belak.
8:09 of 2nd period - Stopped by José Theodore with a rebound.
8:11 of 2nd period - Wrist shot by Wade Belak.
8:11 of 2nd period - Stopped by José Theodore with a rebound.
8:13 of 2nd period - Slapshot by Tyler Kennedy.
8:13 of 2nd period - Stopped by José Theodore without a rebound.
8:14 of 2nd period - Stanislav Chistov wins face-off versus Martin Hanzal in Icehogs zone.
8:16 of 2nd period - Icing by Niklas Hagman.
8:17 of 2nd period - Stanislav Chistov wins face-off versus Alexander Radulov in Icehogs zone.
8:30 of 2nd period - Wrist shot by Stanislav Chistov.
8:30 of 2nd period - Shot Misses the Net.
8:32 of 2nd period - Snap shot by Milan Jurcina.
8:32 of 2nd period - Shot Blocked by Alexander Radulov.
9:02 of 2nd period - Snap shot by Wade Belak.
9:02 of 2nd period - Deflect By Paul Ranger.
9:02 of 2nd period - Shot Blocked by Paul Ranger.
9:02 of 2nd period - Puck is out of play.
9:03 of 2nd period - Darren Helm wins face-off versus Tyler Kennedy in Icehogs zone.
9:11 of 2nd period - Icing by Wade Belak.
9:12 of 2nd period - Tyler Kennedy wins face-off versus Stanislav Chistov in Manchots zone.
9:23 of 2nd period - Wrist shot by Wade Belak.
9:23 of 2nd period - Shot Misses the Net.
9:33 of 2nd period - Stanislav Chistov is hit by Tyler Kennedy and loses puck.
10:21 of 2nd period - Wrist shot by Niklas Hagman.
10:21 of 2nd period - Stopped by Ondrej Pavelec with a rebound.
10:23 of 2nd period - Snap shot by Stanislav Chistov.
10:23 of 2nd period - Shot Misses the Net.
10:25 of 2nd period - Slapshot by Ryan Parent.
10:25 of 2nd period - Deflect By Stanislav Chistov.
10:25 of 2nd period - Shot Misses the Net.
10:25 of 2nd period - Puck is out of play.
10:26 of 2nd period - Martin Hanzal wins face-off versus Gilbert Brule in Manchots zone.
10:26 of 2nd period - Martin Hanzal is hit by B.J. Crombeen.
10:36 of 2nd period - Snap shot by Alexander Radulov.
10:36 of 2nd period - Stopped by José Theodore without a rebound.
10:37 of 2nd period - Logan Couture wins face-off versus Gilbert Brule in Icehogs zone.
10:46 of 2nd period - Snap shot by Petr Sykora.
10:46 of 2nd period - Shot Misses the Net.
11:02 of 2nd period - Darren Helm is hit by Martin Hanzal and loses puck.
11:09 of 2nd period - Wrist shot by Alexander Radulov.
11:09 of 2nd period - Shot Misses the Net.
11:11 of 2nd period - Snap shot by Alexander Radulov.
11:11 of 2nd period - Deflect By Martin Hanzal.
11:11 of 2nd period - Shot Misses the Net.
11:11 of 2nd period - Puck is out of play.
11:12 of 2nd period - Gilbert Brule wins face-off versus Logan Couture in Icehogs zone.
11:23 of 2nd period - Wrist shot by Gilbert Brule.
11:23 of 2nd period - Deflect By B.J. Crombeen.
11:23 of 2nd period - Stopped by Ondrej Pavelec without a rebound.
11:24 of 2nd period - Gilbert Brule wins face-off versus Martin Hanzal in Manchots zone.
11:25 of 2nd period - Snap shot by B.J. Crombeen.
11:25 of 2nd period - Deflect By Gilbert Brule.
11:25 of 2nd period - Shot Misses the Net.
11:25 of 2nd period - Puck is out of play.
11:26 of 2nd period - Martin Hanzal wins face-off versus Gilbert Brule in Manchots zone.
12:45 of 2nd period - Wrist shot by Wade Belak.
12:45 of 2nd period - Stopped by José Theodore without a rebound.
12:46 of 2nd period - Martin Hanzal wins face-off versus Gilbert Brule in Icehogs zone.
12:47 of 2nd period - Snap shot by Alexander Radulov.
12:47 of 2nd period - Deflect By B.J. Crombeen.
12:47 of 2nd period - Shot Misses the Net.
12:47 of 2nd period - Puck is out of play.
12:48 of 2nd period - Martin Hanzal wins face-off versus Nikolai Kulemin in Icehogs zone.
12:50 of 2nd period - Minor Penalty to B.J. Crombeen for Holding.
12:51 of 2nd period - Darren Helm wins face-off versus Martin Hanzal in Icehogs zone.
13:04 of 2nd period - Snap shot by Martin Hanzal.
13:04 of 2nd period - Goal by Martin Hanzal - Icehogs : 3 - Manchots : 4.
13:05 of 2nd period - Gilbert Brule wins face-off versus Logan Couture in neutral zone.
13:21 of 2nd period - Snap shot by Logan Couture.
13:21 of 2nd period - Shot Misses the Net.
13:40 of 2nd period - Backhand shot by Wade Belak.
13:40 of 2nd period - Shot Hit the Post.
13:50 of 2nd period - Wrist shot by Gilbert Brule.
13:50 of 2nd period - Shot Blocked by Bryan Allen.
13:52 of 2nd period - Backhand shot by Gilbert Brule.
13:52 of 2nd period - Shot Blocked by Hal Gill.
13:54 of 2nd period - Snap shot by Logan Stephenson.
13:54 of 2nd period - Shot Blocked by Hal Gill.
13:56 of 2nd period - Slapshot by Karl Alzner.
13:56 of 2nd period - Deflect By Nikolai Kulemin.
13:56 of 2nd period - Stopped by Ondrej Pavelec without a rebound.
13:57 of 2nd period - Martin Hanzal wins face-off versus Stanislav Chistov in Manchots zone.
14:02 of 2nd period - Ville Nieminen is hit by Martin Hanzal and loses puck.
14:24 of 2nd period - Off-side.
14:25 of 2nd period - Darren Helm wins face-off versus Logan Couture in neutral zone.
14:38 of 2nd period - Backhand shot by Richard Park.
14:38 of 2nd period - Stopped by Ondrej Pavelec without a rebound.
14:39 of 2nd period - Bobby Butler wins face-off versus Gilbert Brule in Manchots zone.
15:13 of 2nd period - Snap shot by Logan Couture.
15:13 of 2nd period - Stopped by José Theodore with a rebound.
15:15 of 2nd period - Slapshot by Matt Corrente.
15:15 of 2nd period - Shot Misses the Net.
15:17 of 2nd period - Snap shot by Logan Couture.
15:17 of 2nd period - Stopped by José Theodore without a rebound.
15:18 of 2nd period - Martin Hanzal wins face-off versus Gilbert Brule in Icehogs zone.
15:19 of 2nd period - Wrist shot by Bryan Allen.
15:19 of 2nd period - Shot Misses the Net.
15:21 of 2nd period - Slapshot by Bryan Allen.
15:21 of 2nd period - Stopped by José Theodore with a rebound.
15:27 of 2nd period - Wrist shot by Martin Hanzal.
15:27 of 2nd period - Stopped by José Theodore without a rebound.
15:28 of 2nd period - Martin Hanzal wins face-off versus Gilbert Brule in Icehogs zone.
15:29 of 2nd period - Wrist shot by Alexander Radulov.
15:29 of 2nd period - Deflect By Milan Jurcina.
15:29 of 2nd period - Stopped by José Theodore with a rebound.
15:31 of 2nd period - Snap shot by Hal Gill.
15:31 of 2nd period - Stopped by José Theodore with a rebound.
15:45 of 2nd period - Backhand shot by Alexander Radulov.
15:45 of 2nd period - Shot Blocked by Logan Stephenson.
15:47 of 2nd period - Slapshot by Bryan Allen.
15:47 of 2nd period - Stopped by José Theodore with a rebound.
15:49 of 2nd period - Wrist shot by Martin Hanzal.
15:49 of 2nd period - Deflect By Gilbert Brule.
15:49 of 2nd period - Shot Blocked by Nikolai Kulemin.
15:49 of 2nd period - Puck is out of play.
15:50 of 2nd period - Logan Couture wins face-off versus Stanislav Chistov in Icehogs zone.
15:51 of 2nd period - Snap shot by Petr Sykora.
15:51 of 2nd period - Deflect By Logan Couture.
15:51 of 2nd period - Goal by Logan Couture - Icehogs : 3 - Manchots : 5.
15:52 of 2nd period - Logan Couture wins face-off versus Ville Nieminen in neutral zone.
15:55 of 2nd period - Snap shot by Bryan Allen.
15:55 of 2nd period - Shot Misses the Net.
16:00 of 2nd period - Minor Penalty to Hal Gill for Holding Stick.
16:01 of 2nd period - Tyler Kennedy wins face-off versus Gilbert Brule in Manchots zone.
17:55 of 2nd period - Backhand shot by Martin Hanzal.
17:55 of 2nd period - Stopped by José Theodore with a rebound.
18:00 of 2nd period - Penalty to Hal Gill is over, Hal Gill is back on ice.
18:25 of 2nd period - Bobby Butler is hit by Shane Sims and loses puck.
18:42 of 2nd period - Wrist shot by Petr Sykora.
18:42 of 2nd period - Shot Misses the Net.
19:19 of 2nd period - B.J. Crombeen is hit by Tyler Kennedy and loses puck.
19:55 of 2nd period - Josh Hennessy is hit by Hal Gill and loses puck.
3rd period
0:01 of 3rd period - Gilbert Brule wins face-off versus Logan Couture in neutral zone.
0:30 of 3rd period - Martin Hanzal is hit by Ryan Parent.
0:36 of 3rd period - Backhand shot by Hal Gill.
0:36 of 3rd period - Stopped by José Theodore with a rebound.
1:28 of 3rd period - Snap shot by Logan Stephenson.
1:28 of 3rd period - Shot Hit the Post.
1:48 of 3rd period - Wrist shot by Niklas Hagman.
1:48 of 3rd period - Stopped by Ondrej Pavelec with a rebound.
2:09 of 3rd period - Wrist shot by Martin Hanzal.
2:09 of 3rd period - Shot Misses the Net.
2:25 of 3rd period - Snap shot by B.J. Crombeen.
2:25 of 3rd period - Shot Misses the Net.
2:37 of 3rd period - Wrist shot by Brett Sterling.
2:37 of 3rd period - Stopped by Ondrej Pavelec without a rebound.
2:38 of 3rd period - Josh Hennessy wins face-off versus Tyler Kennedy in Manchots zone.
2:45 of 3rd period - Wrist shot by Brett Sterling.
2:45 of 3rd period - Shot Misses the Net.
2:47 of 3rd period - Wrist shot by Stanislav Chistov.
2:47 of 3rd period - Stopped by Ondrej Pavelec without a rebound.
2:48 of 3rd period - Gilbert Brule wins face-off versus Logan Couture in Manchots zone.
2:53 of 3rd period - Wrist shot by B.J. Crombeen.
2:53 of 3rd period - Stopped by Ondrej Pavelec without a rebound.
2:54 of 3rd period - Logan Couture wins face-off versus Gilbert Brule in Manchots zone.
2:54 of 3rd period - Logan Couture is hit by Ryan Parent.
3:07 of 3rd period - Slapshot by B.J. Crombeen.
3:07 of 3rd period - Stopped by Ondrej Pavelec without a rebound.
3:08 of 3rd period - Stanislav Chistov wins face-off versus Martin Hanzal in Manchots zone.
4:07 of 3rd period - Slapshot by Logan Couture.
4:07 of 3rd period - Shot Misses the Net.
4:59 of 3rd period - Snap shot by Stanislav Chistov.
4:59 of 3rd period - Goal by Stanislav Chistov - Icehogs : 4 - Manchots : 5.
5:00 of 3rd period - Martin Hanzal wins face-off versus Gilbert Brule in neutral zone.
5:06 of 3rd period - Hal Gill is hit by Gilbert Brule and loses puck.
5:27 of 3rd period - Hal Gill is hit by Paul Ranger and loses puck.
5:29 of 3rd period - Minor Penalty to Karl Alzner for Hooking.
5:30 of 3rd period - Martin Hanzal wins face-off versus B.J. Crombeen in Icehogs zone.
5:31 of 3rd period - Snap shot by Alexander Radulov.
5:31 of 3rd period - Shot Misses the Net.
5:33 of 3rd period - Snap shot by Jamie Benn.
5:33 of 3rd period - Shot Misses the Net.
5:35 of 3rd period - Snap shot by Bryan Allen.
5:35 of 3rd period - Stopped by José Theodore with a rebound.
5:37 of 3rd period - Snap shot by Hal Gill.
5:37 of 3rd period - Shot Blocked by Ryan Parent.
6:28 of 3rd period - Icing by Petr Sykora.
6:29 of 3rd period - Bobby Butler wins face-off versus Darren Helm in Manchots zone.
6:52 of 3rd period - Slapshot by Bryan Allen.
6:52 of 3rd period - Deflect By Alexander Radulov.
6:52 of 3rd period - Shot Misses the Net.
6:52 of 3rd period - Puck is out of play.
6:53 of 3rd period - Martin Hanzal wins face-off versus Richard Park in Icehogs zone.
7:16 of 3rd period - Niklas Hagman is hit by Logan Couture and loses puck.
7:29 of 3rd period - Penalty to Karl Alzner is over, Karl Alzner is back on ice.
7:33 of 3rd period - Ville Nieminen is hit by Hal Gill.
8:08 of 3rd period - Slapshot by Richard Petiot.
8:08 of 3rd period - Stopped by José Theodore without a rebound.
8:09 of 3rd period - Martin Hanzal wins face-off versus Josh Hennessy in Icehogs zone.
8:18 of 3rd period - Snap shot by Alexander Radulov.
8:18 of 3rd period - Stopped by José Theodore with a rebound.
8:20 of 3rd period - Wrist shot by Bobby Butler.
8:20 of 3rd period - Deflect By Alexander Radulov.
8:20 of 3rd period - Stopped by José Theodore without a rebound.
8:21 of 3rd period - Gilbert Brule wins face-off versus Martin Hanzal in Icehogs zone.
8:56 of 3rd period - Wrist shot by Richard Park.
8:56 of 3rd period - Stopped by Ondrej Pavelec with a rebound.
9:04 of 3rd period - Richard Park is hit by Richard Petiot and loses puck.
9:09 of 3rd period - Wrist shot by Martin Hanzal.
9:09 of 3rd period - Shot Misses the Net.
9:11 of 3rd period - Slapshot by Alexander Radulov.
9:11 of 3rd period - Shot Misses the Net.
9:15 of 3rd period - Snap shot by Martin Hanzal.
9:15 of 3rd period - Stopped by José Theodore without a rebound.
9:16 of 3rd period - Stanislav Chistov wins face-off versus Logan Couture in Icehogs zone.
9:33 of 3rd period - Hal Gill is hit by Ville Nieminen and loses puck.
9:44 of 3rd period - Snap shot by Wade Belak.
9:44 of 3rd period - Stopped by José Theodore with a rebound.
10:13 of 3rd period - Hal Gill is hit by Darren Helm and loses puck.
10:24 of 3rd period - Logan Couture is hit by Karl Alzner and loses puck.
10:53 of 3rd period - Wrist shot by Wade Belak.
10:53 of 3rd period - Deflect By Tyler Kennedy.
10:53 of 3rd period - Stopped by José Theodore with a rebound.
11:45 of 3rd period - Minor Penalty to Josh Hennessy for Elbowing.
11:46 of 3rd period - B.J. Crombeen wins face-off versus Martin Hanzal in Icehogs zone.
11:55 of 3rd period - Wrist shot by Martin Hanzal.
11:55 of 3rd period - Shot Misses the Net.
12:00 of 3rd period - Off-side.
12:01 of 3rd period - Martin Hanzal wins face-off versus B.J. Crombeen in neutral zone.
12:12 of 3rd period - Snap shot by Martin Hanzal.
12:12 of 3rd period - Goal by Martin Hanzal - Icehogs : 4 - Manchots : 6.
12:13 of 3rd period - Gilbert Brule wins face-off versus Logan Couture in neutral zone.
12:29 of 3rd period - Off-side.
12:30 of 3rd period - Martin Hanzal wins face-off versus Stanislav Chistov in neutral zone.
13:06 of 3rd period - Wrist shot by Martin Hanzal.
13:06 of 3rd period - Shot Misses the Net.
13:08 of 3rd period - Wrist shot by Martin Hanzal.
13:08 of 3rd period - Shot Misses the Net.
13:10 of 3rd period - Snap shot by Alexander Radulov.
13:10 of 3rd period - Stopped by José Theodore without a rebound.
13:11 of 3rd period - Logan Couture wins face-off versus Gilbert Brule in Icehogs zone.
13:20 of 3rd period - Slapshot by Jamie Benn.
13:20 of 3rd period - Goal by Jamie Benn - Icehogs : 4 - Manchots : 7.
13:21 of 3rd period - Gilbert Brule wins face-off versus Logan Couture in neutral zone.
13:30 of 3rd period - Snap shot by Petr Sykora.
13:30 of 3rd period - Stopped by José Theodore with a rebound.
13:46 of 3rd period - Hal Gill is hit by Richard Park and loses puck.
13:50 of 3rd period - Minor Penalty to Bobby Butler for Hooking.
13:51 of 3rd period - Tyler Kennedy wins face-off versus Gilbert Brule in Manchots zone.
15:31 of 3rd period - Richard Park is hit by Jamie Benn and loses puck.
15:50 of 3rd period - Penalty to Bobby Butler is over, Bobby Butler is back on ice.
16:10 of 3rd period - Slapshot by Spencer Machacek.
16:10 of 3rd period - Shot Misses the Net.
16:27 of 3rd period - Slapshot by Alexander Radulov.
16:27 of 3rd period - Stopped by José Theodore without a rebound.
16:28 of 3rd period - Martin Hanzal wins face-off versus Richard Park in Icehogs zone.
16:57 of 3rd period - Snap shot by Alexander Radulov.
16:57 of 3rd period - Deflect By Bobby Butler.
16:57 of 3rd period - Shot Misses the Net.
16:57 of 3rd period - Puck is out of play.
16:58 of 3rd period - Logan Couture wins face-off versus Stanislav Chistov in Icehogs zone.
18:04 of 3rd period - Minor Penalty to Matt Corrente for Holding.
18:04 of 3rd period - Minor Penalty to Milan Jurcina for Interference.
18:05 of 3rd period - Martin Hanzal wins face-off versus B.J. Crombeen in Icehogs zone.
18:40 of 3rd period - Richard Park is hit by Logan Couture.
19:30 of 3rd period - Slapshot by Eric Tangradi.
19:30 of 3rd period - Shot Misses the Net.
Output by the SimonT Hockey Simulator (STHS) for François Prévost -- Original Page W3C XHTML 1.0 Valid